 Dungeon Crawl Stone Soup version 0.28.0-53-g5a82cb258f (webtiles) character file.

Game seed: 1311312936729136631

222 markt42 the Covered (level 5, -4/33 HPs)
             Began as a Gargoyle Fighter on June 6, 2022.
             Slain by an ogre
             ... wielding a +0 giant club
              (18 damage)
             ... on level 4 of the Dungeon.
             The game lasted 00:02:59 (3961 turns).

markt42 the Covered (Gargoyle Fighter)              Turns: 3961, Time: 00:03:00

Health: -4/33      AC: 15    Str: 19    XL:     5   Next: 99%
Magic:  5/5        EV:  9    Int:  9    God:
Gold:   115        SH:  4    Dex: 11    Spells: 4/4 levels left

rFire   . . .      SeeInvis .   a - +0 flail
rCold   . . .      Faith    .   c - +0 buckler
rNeg    + . .      Spirit   .   b - +0 scale mail
rPois   ∞          Reflect  .   (no helmet)
rElec   +          Harm     .   (no cloak)
rCorr   .          Rampage  .   (no gloves)
Will    .....                   (no boots)
Stlth   ..........              h - amulet of the acrobat
HPRegen 0.11/turn               j - +4 ring of protection
MPRegen 0.09/turn               (no ring)

@: no status effects
A: sickness immunity, AC +4, negative energy resistance 1, electricity
resistance, torment resistance 1, petrification resistance
a: no special abilities


You were on level 4 of the Dungeon.
You visited 1 branch of the dungeon, and saw 4 of its levels.

You collected 115 gold pieces.

Inventory:

Hand Weapons
 a - a +0 flail (weapon)
Armour
 b - a +0 scale mail (worn)
 c - a +0 buckler (worn)
Jewellery
 h - an amulet of the acrobat (around neck)
 j - a +4 ring of protection (left hand)
Scrolls
 d - a scroll of blinking {unknown}
 e - 4 scrolls of identify {unknown}
 f - 2 scrolls of teleportation {unknown}
 g - 2 scrolls of immolation {unknown}
 i - 3 scrolls of enchant weapon {unknown}


   Skills:
 + Level 3.9 Fighting
 * Level 4.3 Maces & Flails
 * Level 4.4 Armour
 + Level 1.0 Dodging
 + Level 0.2 Stealth
 + Level 3.7 Shields


You had 4 spell levels left.
You didn't know any spells.
Your spell library was empty.

Dungeon Overview and Level Annotations

Branches:
Dungeon (4/15)
 Temple: D:4-7

Altars:
Gozag

Annotations:
D:4 1 runed translucent door, diceflayer's ghost, amateur MiFi


Innate Abilities, Weirdness & Mutations

You are immune to sickness and miasma.
Your stone body is resilient. (AC +4)
You are immune to poison.
You resist negative energy. (rN+)
You are resistant to electric shocks. (rElec)
You are resistant to unholy torment.
You are immune to petrification.


Message History

No target in view!
Things that are here:
a +0 hand axe; an orc corpse
Found a robe.
You open the door.
A quokka skeleton comes into view.
The quokka skeleton moves out of view.
A quokka skeleton is nearby!
A quokka skeleton is nearby!
You hit the quokka skeleton.
The quokka skeleton is heavily damaged.
The quokka skeleton bites you but does no damage.
You hit the quokka skeleton.
You destroy the quokka skeleton!
There is an open door here.
Found 20 stones.
There is an open door here.
Things that are here:
a +0 hand axe; an orc corpse
There is an open door here.
The ogre shouts!
An ogre is nearby!
An ogre is nearby!
An ogre is nearby!
You thump the ogre!
The ogre is moderately wounded.
The ogre hits you with a +0 giant club!!
Ouch! That really hurt!
A hound skeleton comes into view.
You hit the ogre.
The ogre is heavily wounded.
The ogre hits you but does no damage.
You sock the ogre!
The ogre is almost dead.
You block the ogre's attack.
You barely miss the ogre.
The ogre is almost dead.
The ogre hits you with a +0 giant club!!
Ouch! That really hurt!
You die...

#........# #.....o...
#........# ..#.........
#........# ..'.<.......
#........# ..#.........
#......###+##..##########
#......#.............
#......#.............
#......#.....Z.......
#......#...@O........
#......#.........#..#
######.....)'.............
............######..#.....
...........>#...#.........
............#.............
.[..........#[......#.....
#
............#.............
.
......#######.........#..#.
.


You could see an ogre and a hound skeleton.

Vanquished Creatures
  An orc priest (D:4)
  A hound (D:4)
  A hound skeleton (D:2)
  7 gnolls
  2 adders
  A worm (D:2)
  4 orcs (D:4)
  7 endoplasms
  A giant cockroach (D:3)
  2 goblins (D:2)
  9 hobgoblins
  5 jackals
  2 quokkas (D:1)
  2 ball pythons (D:2)
  2 bats
  3 frilled lizards
  6 kobolds
  A quokka skeleton (D:4)
  3 rats (D:1)
60 creatures vanquished.

Vanquished Creatures (others)
  A fungus (D:1)
  3 plants (D:1)
4 creatures vanquished.

Grand Total: 64 creatures vanquished

Notes
Turn   | Place    | Note
-------+----------+-------------------------------------------
     0 | D:1      | markt42 the Gargoyle Fighter began the quest for the Orb.
     0 | D:1      | Reached XP level 1. HP: 14/14 MP: 1/1
   629 | D:1      | Reached XP level 2. HP: 19/19 MP: 2/2
  1616 | D:1      | Found a faded altar of an unknown god.
  1727 | D:2      | Reached XP level 3. HP: 20/23 MP: 3/3
  1992 | D:2      | Found an opulent altar of Gozag.
  2021 | D:2      | Reached XP level 4. HP: 27/28 MP: 4/4
  2595 | D:3      | Reached skill level 1 in Dodging
  2887 | D:2      | Reached XP level 5. HP: 21/33 MP: 5/5
  3361 | D:3      | You fall into a shaft and drop 1 floor!
  3492 | D:4      | Found a runed translucent door.
  3493 | D:4      | Noticed diceflayer's ghost (amateur MiFi)
  3769 | D:4      | Noticed an ogre
  3961 | D:4      | Slain by an ogre

Illustrated notes

Levels and vault maps discovered:
D:1:      lemuel_arrival_room, layout_loops_corners,
          shapermc_ecumenical_altar_mp_urbaneastern, dk_noncrumbling_4
D:2:      layout_rooms, basic_altar
D:3:      layout_basic, minmay_misc_feat_ornament
D:4:      layout_gridville, gammafunk_ghost_grave, minmay_misc_feat_plants

Skill      XL: |  1  2  3  4  5 |
---------------+----------------+-----
Armour         | 4 |  4.4
Maces & Flails | 3 4 |  4.3
Dodging        | 1 |  1.0
Fighting       | |  3.9
Stealth        | |  0.2
Shields        | |  3.7

Action                   |  1- 3 |  4- 6 || total
-------------------------+-------+-------++-------
Melee: Flail             |   110 |   108 ||   218
  Use: Potion            |     3 |     2 ||     5
Armor: Scale mail        |    68 |    54 ||   122
Dodge: Dodged            |    52 |    67 ||   119
Block: Buckler           |    30 |    24 ||    54
